 Dungeon Crawl Stone Soup version 0.22-a0-157-g169b76a (webtiles) character file.

10381 mhoghedin the Nimble (level 11, -1/72 HPs)
             Began as a Kobold Conjurer on Feb 8, 2018.
             Was a Follower of Ashenzari.
             Slain by a yak (8 damage)
             ... on level 1 of the Lair of Beasts.
             The game lasted 00:31:41 (11324 turns).

mhoghedin the Nimble (Kobold Conjurer)             Turns: 11324, Time: 00:31:41

Health: -1/72      AC:  5    Str:  5    XL:     11   Next: 91%
Magic:  4/29       EV: 23    Int: 21    God:    Ashenzari [*.....]
Gold:   496        SH:  0    Dex: 15    Spells: 4/22 levels left

rFire    . . .     SeeInvis .   a - staff of conjuration {!a}
rCold    . . .     Gourm    .   (shield currently unavailable)
rNeg     + . .     Faith    .   u - +0 robe
rPois    .         Spirit   .   (no helmet)
rElec    .         Reflect  .   (no cloak)
rCorr    .         Harm     .   F - +2 pair of gloves
MR       .....                  (no boots)
Stlth    ++........             q - amulet of the acrobat (curse)
HPRegen  0.22/turn              l - ring of magical power (curse) {MP+9}
MPRegen  0.21/turn              j - ring of positive energy (curse) {rN+}

@: very slightly contaminated
A: small, carnivore
a: Curse Item, Scrying, Renounce Religion


You were on level 1 of the Lair of Beasts.
You worshipped Ashenzari.
Ashenzari was aware of your devotion.
You were very full.

You visited 3 branches of the dungeon, and saw 11 of its levels.

You collected 496 gold pieces.

Inventory:

Hand Weapons
 b - a +1 spear
   (You found it on level 1 of the Dungeon)
Missiles
 n - 4 throwing nets {=f, !d}
Armour
 u - a +0 robe (worn)
 F - a +2 pair of gloves (worn)
   (You found it on level 7 of the Dungeon)
Magical Staves
 a - an uncursed staff of conjuration (weapon) {!a}
   (You took it off a kobold on level 3 of the Dungeon)
Jewellery
 j - a cursed ring of positive energy (right hand) {rN+}
   (You took it off a kobold on level 1 of the Dungeon)
 l - a cursed ring of magical power (left hand) {MP+9}
   (You found it on level 1 of the Dungeon)
 q - a cursed amulet of the acrobat (around neck)
   (You found it on level 2 of the Dungeon)
Wands
 t - a wand of enslavement (22)
   (You took it off a crimson imp on level 8 of the Dungeon)
 B - a wand of flame (20)
   (You found it on level 5 of the Dungeon)
 H - a wand of random effects (21)
   (You took it off an orc on level 8 of the Dungeon)
Scrolls
 d - 5 scrolls of teleportation
 e - 3 scrolls of enchant weapon
 h - 5 scrolls of remove curse
 k - 3 scrolls of immolation {!r}
 s - a scroll of amnesia
 w - 3 scrolls of fear
 y - a scroll of identify
 C - 2 scrolls of enchant armour
Potions
 i - 2 potions of degeneration {!q}
 m - a potion of resistance
 o - 3 potions of flight
 p - 2 potions of agility
 r - 2 potions of berserk rage {!q}
 v - 4 potions of curing
 x - a potion of heal wounds
 z - a potion of haste {unknown}
 A - a potion of brilliance
 D - a potion of lignification {unknown}
 G - a potion of cancellation {unknown}
Books
 f - a book of Conjurations
Comestibles
 c - 23 rations


   Skills:
 - Level 9.8 Fighting
 - Level 11.2 Dodging
 - Level 2.7 Stealth
 - Level 6.3 Spellcasting
 - Level 7.4 Conjurations
 + Level 7.6 Hexes
 + Level 5.0 Translocations


You had 4 spell levels left.
You knew the following spells:

 Your Spells              Type           Power        Failure   Level  Hunger
a - Magic Dart            Conj           ####         1%          1    None
b - Searing Ray           Conj           ######       1%          2    None
c - Dazzling Spray        Conj/Hex       ######       1%          3    #......
d - Fulminant Prism       Conj/Hex       ######....   4%          4    ###....
e - Force Lance           Conj/Tloc      #####...     8%          4    ###....
x - Iskenderun's Mystic   Conj           ######..     4%          4    ###....


Dungeon Overview and Level Annotations

Branches:
Dungeon (8/15)             Temple (1/1) D:4            Lair (2/6) D:8
  Swamp: Lair:2-4    Shoals: Lair:2-4     Snake: Lair:2-4    Spider: Lair:2-4

Altars:
Ashenzari
Cheibriados
Dithmenos
Elyvilon
Fedhas
Gozag
Hepliaklqana
Kikubaaqudgha
Makhleb
Nemelex Xobeh
Okawaru
Qazlal
Ru
Sif Muna
Trog
Uskayaw
Vehumet
Wu Jian
Xom
Yredelemnul
Zin

Shops:
D:5 ?   D:7 *


Innate Abilities, Weirdness & Mutations

You are small and have problems with some larger weapons.
You are carnivorous and can eat meat at any time.


Message History

The water moccasin completely misses you.
The water moccasin is no longer blind.
The water moccasin completely misses you.
Aim: a water moccasin (moderately wounded)
You feel a surge of power!
The spray of energy hits the water moccasin.
The water moccasin is dazzled.
The water moccasin closely misses you.
You now have 0/29 mp.
Wield which item (- for none, * to show all)? (? for menu, Esc to quit)
b - a +1 spear (weapon)
The water moccasin misses you.
You miss the water moccasin. The water moccasin misses you.
The water moccasin completely misses you.
You miss the water moccasin.
The water moccasin completely misses you.
All of the chunks of flesh in your inventory have rotted away.
Attack whom?
Aim: a water moccasin (severely wounded, blind)
You barely miss the water moccasin.
A crocodile comes into view.
Unknown command.
Attack whom?
Aim: a water moccasin (severely wounded, blind, hasn't noticed you)
You reach to attack!
You hit the water moccasin.
There is a stone staircase leading up here.
The water moccasin is no longer blind.
You climb upwards.
There is a stone staircase leading down here.
You start resting.
Health restored: 72; MP restored: 29
There is a stone staircase leading down here.
a - an uncursed staff of conjuration (weapon)
{!a} You climb downwards.
The yak bellows! x4
The yak misses you. The yak gores you but does no damage.
There is a stone staircase leading up here.
Aim: a yak You feel a surge of power!
The orb of energy hits the yak.
The yak misses you.
You now have 25/29 mp.
Aim: a yak (moderately wounded)
Okay, then.
Unknown command.
Aim: a yak You feel a surge of power!
The spray of energy hits the yak.
The yak is dazzled.
The spray of energy hits the yak.
The yak is dazzled.
The spray of energy hits the yak.
The yak is dazzled.
The yak gores you!
You take 9 damage, and have 63/72 hp.
You now have 22/29 mp.
The yak bellows!
Aim: a yak (lightly wounded, blind)
You feel a surge of power!
You miscast Iskenderun's Mystic Blast.
You are very lightly contaminated with residual magic.
You are momentarily dazzled by a flash of light!
The yak misses you. The yak gores you.
You take 6 damage, and have 58/72 hp.
You now have 18/29 mp.
Aim: a yak (lightly wounded, blind)
You feel a surge of power!
The orb of energy hits the yak.
The orb of energy explodes!
The mystic blast hits the yak. x2
The yak misses you. The yak gores you! The yak gores you but does no damage.
You take 13 damage, and have 45/72 hp.
You now have 15/29 mp.
Aim: a yak (heavily wounded, blind)
You feel a surge of power!
The orb of energy hits the yak.
The orb of energy explodes!
The mystic blast hits the yak. x3
The yak is no longer blind.
The yak gores you but does no damage. The yak closely misses you.
The yak misses you.
You now have 11/29 mp.
Aim: a yak (heavily wounded)
You feel a surge of power!
The orb of energy misses the yak.
The yak is no longer blind.
The yak completely misses you. The yak misses you.
The yak completely misses you. The yak misses you.
You now have 7/29 mp.
Aim: a yak (heavily wounded)
You feel a surge of power!
The orb of energy hits the yak.
You kill the yak!
Your Translocations skill increases to level 5!
The orb of energy explodes!
The mystic blast hits the yak.
The yak completely misses you. The yak closely misses you.
The yak completely misses you. The yak gores you!
You take 9 damage, and have 36/72 hp.
You now have 3/29 mp.
The yak is no longer blind.
The yak gores you! The yak completely misses you.
There is a stone staircase leading up, spattered with blood here.
You see here a yak corpse.
You take 8 damage, and have 28/72 hp.
The yak gores you!
* * * LOW HITPOINT WARNING * * *
The yak completely misses you. The yak misses you.
You climb upwards.
There is a stone staircase leading down here.
You take 8 damage, and have 20/72 hp.
The yak completely misses you. The yak gores you!
* * * LOW HITPOINT WARNING * * *
You take 16 damage, and have 5/72 hp.
MASSIVE DAMAGE!!
The yak gores the fungus!!
Aim: a yak (heavily wounded)
You feel a surge of power!
The searing ray hits the yak. (Press . to maintain the ray.)
The yak gores you!
You die...

### ### ##.#####.## ###
#.........# ######.## ##
##..>......# ### ##.......###.
#..........## #.###........##..
##..........###............##.#
#.........YYY@.###P..(....##.#
#......[..P##### ##...........
#.........## #.......####
#.........# ##.##.###
#......(..## ####.#
#..........# #.# #######.####
#.# #####.P# #.## ######.....##
#..# ##


You could see 3 yaks.

Vanquished Creatures
  The ghost of Karim the Grasshopper, a novice NaWr of Ashenzari (D:6)
  The ghost of mhoghedin the Skirmisher, a novice DrWz of Ashenzari (D:5)
  A black mamba (Lair:1)
  4 spiny frogs (Lair:1)
  A rime drake (Lair:1)
  3 komodo dragons
  A hippogriff (Lair:2)
  5 yaks
  Eustachio (D:5)
  A basilisk (Lair:2)
  A hungry ghost (D:7)
  The ghost of mhoghedin the Vandal, an amateur HaHu of Lugonu (D:3)
  3 water moccasins (Lair:1)
  Duvessa (D:4)
  3 porcupines (D:8)
  2 black bears
  2 sky beasts
  2 ice beasts
  2 orc warriors
  2 phantoms
  6 ogres
  2 centaurs
  7 crocodiles
  A gnoll sergeant (D:7)
  9 bullfrogs
  A big kobold (D:7)
  Dowan (D:4)
  4 scorpions
  12 killer bees (D:8)
  4 wights (D:8)
  A howler monkey (D:3)
  4 crimson imps
  A jelly (D:6)
  A bullfrog zombie (D:8)
  2 centaur zombies
  3 orc priests
  4 orc wizards
  A bullfrog skeleton (D:8)
  2 iguanas
  5 worker ants
  3 hound zombies
  11 gnolls
  8 adders
  3 shadow imps
  An adder zombie (D:5)
  4 worms
  A dart slug (D:4)
  11 leopard geckos
  28 orcs
  6 giant cockroaches
  5 goblins
  7 hobgoblins
  8 jackals
  6 quokkas
  A ball python skeleton (D:4)
  7 bats
  3 frilled lizards
  13 kobolds
  A leopard gecko zombie (D:5)
  2 quokka skeletons
  7 rats
  A plant (D:8)
246 creatures vanquished.

Vanquished Creatures (others)
  21 fulminant prisms
  37 fungi
  14 plants
72 creatures vanquished.

Grand Total: 318 creatures vanquished

Notes
Turn   | Place    | Note
-------+----------+-------------------------------------------
     0 | D:1      | mhoghedin the Kobold Conjurer began the quest for the Orb.
     0 | D:1      | Reached XP level 1. HP: 10/10 MP: 3/3
   276 | D:1      | Reached XP level 2. HP: 15/15 MP: 1/5
   619 | D:1      | Reached skill level 3 in Dodging
   743 | D:1      | Reached XP level 3. HP: 19/19 MP: 6/6
  1143 | D:1      | Learned a level 2 spell: Searing Ray
  1147 | D:1      | Learned a level 3 spell: Dazzling Spray
  1289 | D:2      | Reached XP level 4. HP: 24/24 MP: 8/8
  1342 | D:2      | Found an iron altar of Okawaru.
  1382 | D:2      | Reached skill level 3 in Spellcasting
  1825 | D:2      | Reached skill level 1 in Hexes
  2112 | D:3      | Noticed mhoghedin's ghost (amateur HaHu)
  2249 | D:3      | Reached XP level 5. HP: 28/28 MP: 9/9
  2363 | D:3      | Reached skill level 2 in Hexes
  2502 | D:3      | Reached skill level 5 in Conjurations
  2502 | D:3      | Reached XP level 6. HP: 29/32 MP: 0/11
  2741 | D:3      | Killed mhoghedin's ghost
  2741 | D:3      | Reached skill level 4 in Spellcasting
  2835 | D:3      | Reached skill level 3 in Hexes
  2958 | D:3      | Learned a level 4 spell: Iskenderun's Mystic Blast
  2981 | D:3      | Reached XP level 7. HP: 36/36 MP: 11/13
  3131 | D:3      | Found a shadowy altar of Dithmenos.
  3215 | D:3      | Found a bloodstained altar of Trog.
  3312 | D:4      | Found a shimmering altar of Xom.
  3428 | D:4      | Found a staircase to the Ecumenical Temple.
  3444 | Temple   | Entered the Ecumenical Temple
  3528 | Temple   | Became a worshipper of Ashenzari the Shackled
  3576 | D:4      | Noticed Duvessa
  3576 | D:4      | Noticed Dowan
  3582 | D:4      | Killed Dowan
  3767 | D:4      | Learned a level 4 spell: Fulminant Prism
  3779 | D:4      | Killed Duvessa
  3779 | D:4      | Reached skill level 5 in Spellcasting
  3779 | D:4      | Reached skill level 6 in Conjurations
  3779 | D:4      | Reached skill level 4 in Hexes
  4037 | D:4      | Found a blossoming altar of Fedhas.
  4039 | D:4      | Found an ancient bone altar of Kikubaaqudgha.
  4091 | D:4      | Reached XP level 8. HP: 22/41 MP: 11/15
  4594 | D:5      | Entered Level 5 of the Dungeon
  4605 | D:5      | Noticed Eustachio
  4789 | D:5      | Noticed mhoghedin's ghost (novice DrWz)
  4952 | D:5      | Killed mhoghedin's ghost
  4952 | D:5      | Reached skill level 6 in Spellcasting
  4952 | D:5      | Reached skill level 7 in Conjurations
  4952 | D:5      | Reached skill level 5 in Hexes
  4958 | D:5      | Learned a level 4 spell: Force Lance
  5045 | D:5      | Reached skill level 1 in Fighting
  5045 | D:5      | Reached XP level 9. HP: 46/47 MP: 14/18
  5117 | D:5      | Killed Eustachio
  5117 | D:5      | Reached skill level 2 in Fighting
  5117 | D:5      | Reached skill level 4 in Dodging
  5385 | D:5      | Found Witriz's Magic Scroll Emporium.
  5420 | D:5      | Reached * piety under Ashenzari
  5581 | D:5      | Found a blossoming altar of Fedhas.
  5588 | D:5      | Reached skill level 3 in Fighting
  5649 | D:5      | Found a deep blue altar of Sif Muna.
  5716 | D:6      | Reached skill level 5 in Dodging
  5854 | D:6      | Reached skill level 4 in Fighting
  6033 | D:6      | Noticed Karim's ghost (novice NaWr)
  6069 | D:6      | Killed Karim's ghost
  6069 | D:6      | Reached skill level 5 in Fighting
  6069 | D:6      | Reached skill level 6 in Dodging
  6089 | D:6      | Reached skill level 7 in Dodging
  6366 | D:6      | Reached skill level 6 in Fighting
  6366 | D:6      | Reached XP level 10. HP: 60/60 MP: 19/19
  6680 | D:7      | Reached skill level 8 in Dodging
  6832 | D:7      | Reached skill level 7 in Fighting
  7136 | D:7      | Found Ocumefesa's General Store.
  7169 | D:7      | Reached skill level 9 in Dodging
  7653 | D:7      | Found an ornate altar of the Wu Jian Council.
  7793 | D:8      | Reached skill level 8 in Fighting
  8069 | D:8      | Reached skill level 10 in Dodging
  8306 | D:8      | Reached skill level 9 in Fighting
  8556 | D:8      | Reached XP level 11. HP: 71/71 MP: 20/20
  8567 | D:8      | Found a staircase to the Lair.
  8940 | Lair:1   | Entered Level 1 of the Lair of Beasts
  9055 | Lair:1   | Reached skill level 11 in Dodging
  9172 | Lair:1   | HP: 18/72 [poisoned by a black mamba]
  9177 | Lair:1   | HP: 18/72 [poisoned by a black mamba]
  9185 | Lair:1   | HP: 17/72 [poisoned by a black mamba]
  9193 | Lair:1   | HP: 17/72 [poisoned by a black mamba]
  9633 | Lair:1   | Reached skill level 1 in Translocations
  9723 | Lair:1   | Reached skill level 2 in Translocations
  9727 | Lair:1   | Reached skill level 6 in Hexes
  9909 | Lair:1   | Reached skill level 3 in Translocations
 10087 | Lair:1   | HP: 15/72 [spiny frog (19)]
 10378 | Lair:1   | Reached skill level 4 in Translocations
 10721 | Lair:2   | Found a snail-covered altar of Cheibriados.
 10721 | Lair:2   | Noticed an elephant
 10726 | Lair:2   | Noticed an elephant
 10726 | Lair:2   | Noticed an elephant
 10730 | Lair:2   | Noticed an elephant
 10796 | Lair:2   | Reached skill level 7 in Hexes
 11310 | Lair:2   | Reached skill level 5 in Translocations
 11316 | Lair:1   | HP: 5/72 [yak (16)]
 11324 | Lair:1   | Slain by a yak

Vault maps used:
D:1:      nicolae_arrival_memento_mori, hangedman_decor_push
D:2:      lemuel_coloured_pillars_altar, first_ration, st_stairs_6
D:3:      nicolae_dithmenos_shadow_blocks, trog_butcher_becter
D:4:      grunt_temple_overflow_growth_and_decay,
          nicolae_overflow_crystal_walls, minmay_temple_entry_glassed_door,
          hangedman_decor_opposing, uniq_duvessa
D:5:      lemuel_upstairs_altar, lemuel_round_altar, serial_shops,
          nicolae_shop_behind_doors, fedhas_altar_fruit_tree, uniq_eustachio
D:7:      nicolae_overflow_hidden_temple, marbit_many_paths, serial_shops,
          shop_statue, grunt_ogre_cave
D:8:      cheibrodos_quashed, due_lair_maze_entry_diamond, due_unseen_surprise
Temple:   dshaligram_water_room_temple
Lair:2:   cheibrodos_lair_river_kwai, basic_altar, serial_bayou_shore_a

Skill      XL: |  1  2  3  4  5  6  7  8  9 10 11 |
---------------+----------------------------------+-----
Dodging        | 3 7 10 11 | 11.2
Spellcasting   | 3 4 5 6 |  6.3
Hexes          | 1 2 3 4 5 7 |  7.6
Conjurations   | 5 6 7 |  7.4
Fighting       | 1 6 9 |  9.8
Translocations | 5 |  5.0
Stealth        | |  2.7

Action                   |  1- 3 |  4- 6 |  7- 9 | 10-12 || total
-------------------------+-------+-------+-------+-------++-------
Melee: Spear             |    61 |    63 |       |     4 ||   128
       Staff             |       |       |     1 |     3 ||     4
 Cast: Magic Dart        |    35 |    28 |   120 |   105 ||   288
       Searing Ray       |     1 |    22 |    27 |    64 ||   114
       Dazzling Spray    |       |     4 |    22 |    50 ||    76
       Fulminant Prism   |       |       |     6 |    15 ||    21
       Iskenderun's Myst |       |       |       |     6 ||     6
       Force Lance       |       |       |       |     6 ||     6
Invok: Curse Item        |       |       |     3 |       ||     3
Evoke: Wand              |       |       |     8 |     4 ||    12
  Use: Scroll            |     1 |       |     8 |     9 ||    18
       Potion            |       |       |       |     1 ||     1
 Stab: Sleeping          |     4 |     3 |       |       ||     7
       Distracted        |       |     1 |       |       ||     1
       Invisible         |       |       |     1 |       ||     1
  Eat: Chunk             |     3 |    11 |    14 |    18 ||    46
Armor: Robe              |    19 |    13 |     6 |    14 ||    52
Dodge: Dodged            |    57 |    91 |    43 |   222 ||   413

Table legend:
 A = Spawn XP
 B = Non-spawn XP
 C = Spawn XP percentage of total XP
 D = Spawn monster count
 E = Non-spawn monster count
 F = Spawn count percentage of total count
 G = Total turns spent on level
                    A         B        C        D         E        F      G
               +---------+---------+-------+---------+---------+-------+---------
         Total |       0 |   14831 |   0.0 |       0 |     245 |   0.0 | 11324
               +---------+---------+-------+---------+---------+-------+---------
           D:1 |       0 |      54 |   0.0 |       0 |      24 |   0.0 |  1237
           D:2 |       0 |      67 |   0.0 |       0 |      16 |   0.0 |   908
           D:3 |       0 |     422 |   0.0 |       0 |      39 |   0.0 |  1112
           D:4 |       0 |     628 |   0.0 |       0 |      19 |   0.0 |  1452
           D:5 |       0 |    1215 |   0.0 |       0 |      25 |   0.0 |   888
           D:6 |       0 |    1868 |   0.0 |       0 |      21 |   0.0 |   951
           D:7 |       0 |    1346 |   0.0 |       0 |      29 |   0.0 |  1064
           D:8 |       0 |    2701 |   0.0 |       0 |      43 |   0.0 |  1214
        Lair:1 |       0 |    4641 |   0.0 |       0 |      20 |   0.0 |  2102
        Lair:2 |       0 |    1889 |   0.0 |       0 |       9 |   0.0 |   282
               +---------+---------+-------+---------+---------+-------+---------

Vault maps used:
D:1:      nicolae_arrival_memento_mori, hangedman_decor_push
D:2:      lemuel_coloured_pillars_altar, first_ration, st_stairs_6
D:3:      nicolae_dithmenos_shadow_blocks, trog_butcher_becter
D:4:      grunt_temple_overflow_growth_and_decay,
          nicolae_overflow_crystal_walls, minmay_temple_entry_glassed_door,
          hangedman_decor_opposing, uniq_duvessa
D:5:      lemuel_upstairs_altar, lemuel_round_altar, serial_shops,
          nicolae_shop_behind_doors, fedhas_altar_fruit_tree, uniq_eustachio
D:7:      nicolae_overflow_hidden_temple, marbit_many_paths, serial_shops,
          shop_statue, grunt_ogre_cave
D:8:      cheibrodos_quashed, due_lair_maze_entry_diamond, due_unseen_surprise
Temple:   dshaligram_water_room_temple
Lair:2:   cheibrodos_lair_river_kwai, basic_altar, serial_bayou_shore_a

Table legend:
 A = Turns spent in this place as a percentage of turns spent in the entire game.
 B = Non-inter-level travel turns spent in this place as a percentage of non-inter-level travel turns spent in the entire game.
 C = Inter-level travel turns spent in this place as a percentage of turns spent in this place.
 D = Turns resting spent in this place as a percentage of non-inter-level travel turns spent in this place.
 E = Turns spent auto-exploring this place as a percentage of non-inter-level travel turns spent in this place.
 F = Non-inter-level travel turns spent in this place divided by the number of levels of this place that you've seen.
                   A       B       C       D       E      F
               +-------+-------+-------+-------+-------+----------------------
         Total | 100.0 | 100.0 |   3.0 |  45.1 |  35.6 | 998.4
       Dungeon |  77.9 |  78.4 |   2.5 |  41.7 |  38.7 | 1075.6
        Temple |   1.0 |   1.0 |   0.0 |   0.0 |  45.6 | 114.0
          Lair |  21.1 |  20.6 |   5.1 |  60.5 |  23.2 | 1131.5
               +-------+-------+-------+-------+-------+----------------------

Table legend:
 A = Kills in this place as a percentage of kills in entire the game.
 B = Kills by you in this place as a percentage of kills by you in the entire game.
 C = Kills by friends in this place as a percentage of kills by friends in the entire game.
 D = Other kills in this place as a percentage of other kills in the entire game.
 E = Experience gained in this place as a percentage of experience gained in the entire game.
 F = Experience gained in this place divided by the number of levels of this place that you have seen.
                   A       B       C       D       E      F
               +-------+-------+-------+-------+-------+----------------------
         Total | 100.0 | 100.0 |   N/A |   N/A | 100.0 | 1348.3
       Dungeon |  88.2 |  88.2 |   N/A |   N/A |  56.0 | 1037.6
          Lair |  11.8 |  11.8 |   N/A |   N/A |  44.0 | 3265.0
               +-------+-------+-------+-------+-------+----------------------
